 Dungeon Crawl Stone Soup version 0.22-a0-398-g8bb545f (webtiles) character file.

195 iamserjio the Magician (level 5, 4/35 HPs)
             Began as a Mummy Fire Elementalist on May 5, 2018.
             Quit the game on level 4 of the Dungeon.
             The game lasted 00:09:51 (4110 turns).

iamserjio the Magician (Mummy Fire Elementalist)    Turns: 4110, Time: 00:09:51

Health: 4/35       AC:  5    Str: 12    XL:     5   Next: 45%
Magic:  1/11       EV: 12    Int: 15    God:
Gold:   69         SH:  0    Dex: 12    Spells: 5/13 levels left

rFire    x . .     SeeInvis .   g - +2 dagger (speed)
rCold    + . .     Gourm    .   (no shield)
rNeg     + + +     Faith    .   a - +0 robe
rPois    ∞         Spirit   .   h - +2 helmet
rElec    .         Reflect  .   (no cloak)
rCorr    .         Harm     .   (no gloves)
MR       .....                  (no boots)
Stlth    ++........             (no amulet)
HPRegen  0.11/turn              (no ring)
MPRegen  0.12/turn              (no ring)

@: very slightly contaminated
A: no food or potions, fire vulnerability, cold resistance 1, negative energy
resistance 3, torment resistance, unbreathing
a: no special abilities


You were on level 4 of the Dungeon.
You were not hungry.

You visited 1 branch of the dungeon, and saw 4 of its levels.

You collected 69 gold pieces.

Inventory:

Hand Weapons
 g - a +2 dagger of speed (weapon)
 l - a +0 spear
Armour
 a - a +0 robe (worn)
 h - a +2 helmet (worn)
 j - a cursed +0 buckler
Scrolls
 d - a scroll of noise
 p - a scroll of amnesia {unknown}
 q - a scroll of enchant weapon {unknown}


   Skills:
 - Level 1.5 Dodging
 - Level 1.5 Stealth
 + Level 4.5 Spellcasting
 + Level 2.6 Conjurations
 + Level 3.5 Fire Magic


You had 5 spell levels left.
You knew the following spells:

 Your Spells              Type           Power        Failure   Level  Hunger
a - Flame Tongue          Conj/Fire      ##...        4%          1    N/A
b - Conjure Flame         Conj/Fire      ##......     14%         3    N/A
c - Sticky Flame          Conj/Fire      ##......     43%         4    N/A

Dungeon Overview and Level Annotations

Branches:
Dungeon (4/15)
 Temple: D:4-7

Altars:
Vehumet

Annotations:
D:4 exclusion: statue, Dowan, Duvessa, Natasha


Innate Abilities, Weirdness & Mutations

You do not eat or drink.
Your flesh is vulnerable to fire.
You are immune to poison.
Your flesh is cold resistant. (rC+)
You are immune to negative energy. (rN+++)
You are immune to unholy pain and torment.
You can survive without breathing.


Message History

Aim: an orc priest, wielding a mace and wearing a chain mail The flame tongue hits the orc priest.
The orc priest is lightly wounded.
The worker ant bites you.
Casting: Flame Tongue (safe; 4% risk of failure)
Confirm with . or Enter, or press ? or * to list all spells.
Aiming: Flame Tongue (safe; 4% risk of failure)
Press: ? - help, Shift-Dir - straight line, f/p - orc priest
Aim: an orc priest, wielding a mace and wearing a chain mail (lightly wounded)
The flame tongue hits the orc priest.
The orc priest is moderately wounded.
The worker ant bites you!
* * * LOW HITPOINT WARNING * * *
The orc priest hits you with a mace.
* * * LOW HITPOINT WARNING * * *
Quiver which item? (- for none, * to show all) (? for menu, Esc to quit)
Okay, then.
Quiver which item? (- for none, * to show all) (? for menu, Esc to quit)
Okay, then.
Are you sure you want to abandon this character and quit the game? (Confirm with "yes".)

#.oo.#####.#
#..o #.# #..
#.### #o #...#
#..#########.#
...........>#
#.####.#####
##.####.#####
........o@ae#
.#.####.###.#
..........#.#
.##.###.#.#.#
#.#.#.# #.#
#e# #.# #.#
..# #.# #.#
#.# ######


You could see Dowan, a worker ant and an orc priest.

Vanquished Creatures
  A howler monkey (D:4)
  2 worker ants (D:4)
  4 adders (D:2)
  2 worms (D:2)
  A dart slug (D:3)
  4 leopard geckos
  5 giant cockroaches
  3 goblins
  7 hobgoblins
  7 jackals
  6 kobolds
  2 quokkas (D:2)
  7 bats
  3 frilled lizards (D:1)
  A leopard gecko skeleton (D:4)
  4 rats
59 creatures vanquished.

Notes
Turn   | Place    | Note
-------+----------+-------------------------------------------
     0 | D:1      | iamserjio the Mummy Fire Elementalist began the quest for the Orb.
     0 | D:1      | Reached XP level 1. HP: 13/13 MP: 4/4
   189 | D:1      | Reached skill level 1 in Conjurations
   637 | D:1      | Reached skill level 3 in Spellcasting
   638 | D:1      | Reached XP level 2. HP: 7/19 MP: 1/6
  1523 | D:1      | Reached XP level 3. HP: 24/24 MP: 4/7
  1883 | D:2      | Learned a level 3 spell: Conjure Flame
  2444 | D:2      | Reached XP level 4. HP: 21/30 MP: 1/9
  2534 | D:2      | Learned a level 4 spell: Sticky Flame
  3277 | D:2      | Reached skill level 4 in Spellcasting
  3754 | D:4      | Found a radiant altar of Vehumet.
  3757 | D:4      | Noticed a charred statue
  3770 | D:4      | Reached XP level 5. HP: 35/35 MP: 3/11
  3774 | D:4      | Noticed Natasha
  4090 | D:4      | Noticed Duvessa
  4090 | D:4      | Noticed Dowan
  4110 | D:4      | Quit the game

Vault maps used:
D:1:      dpeg_arrival_tiny_a, minivault_23, minmay_heptomino_l4
D:2:      minmay_misc_feat_rugged
D:3:      old_standard_altar, lemuel_round_altar, uniq_purgy
D:4:      vehumet_statue, minmay_temple_entry_large_hall, first_ration,
          serial_glass, glass_columns_a, glass_columns_b, uniq_duvessa,
          uniq_natasha, uniq_edmund

Skill      XL: |  1  2  3  4 |
---------------+-------------+-----
Conjurations   | 1 2 |  2.6
Spellcasting   | 3 4 |  4.5
Fire Magic     | 3 |  3.5
Dodging        | |  1.5
Stealth        | |  1.5

Action                   |  1- 3 |  4- 6 || total
-------------------------+-------+-------++-------
Melee: Dagger            |    32 |     6 ||    38
 Cast: Flame Tongue      |    71 |    56 ||   127
       Conjure Flame     |       |     3 ||     3
  Use: Scroll            |       |    10 ||    10
 Stab: Sleeping          |       |     1 ||     1
Armor: Robe              |    11 |    10 ||    21
Dodge: Dodged            |    35 |    19 ||    54

Table legend:
 A = Spawn XP
 B = Non-spawn XP
 C = Spawn XP percentage of total XP
 D = Spawn monster count
 E = Non-spawn monster count
 F = Spawn count percentage of total count
 G = Total turns spent on level
                    A         B        C        D         E        F      G
               +---------+---------+-------+---------+---------+-------+---------
         Total |       0 |     279 |   0.0 |       0 |      59 |   0.0 |  4110
               +---------+---------+-------+---------+---------+-------+---------
           D:1 |       0 |      48 |   0.0 |       0 |      27 |   0.0 |  1878
           D:2 |       0 |     101 |   0.0 |       0 |      27 |   0.0 |  1675
           D:3 |       0 |       4 |   0.0 |       0 |       1 |   0.0 |   139
           D:4 |       0 |     126 |   0.0 |       0 |       4 |   0.0 |   418
               +---------+---------+-------+---------+---------+-------+---------
